 Dungeon Crawl Stone Soup version 0.22-a0-447-gee5f7238b3 (webtiles) character file.

143 Oravi the Changer (level 5, -3/37 HPs)
             Began as a Merfolk Transmuter on June 3, 2018.
             Killed by divine providence
             ... invoked by an orc priest
              (13 damage)
             ... on level 3 of the Dungeon.
             The game lasted 00:05:36 (2143 turns).

Oravi the Changer (Merfolk Transmuter)              Turns: 2143, Time: 00:05:37

Health: -3/37      AC:  2    Str: 10    XL:     5   Next: 25%
Magic:  5/8        EV: 21    Int: 14    God:
Gold:   122        SH:  0    Dex: 19    Spells: 2/8 levels left

rFire    . . .     SeeInvis .     - Unarmed
rCold    . . .     Gourm    .   (shield currently unavailable)
rNeg     . . .     Faith    .   (armour currently unavailable)
rPois    x         Spirit   .   (helmet currently unavailable)
rElec    .         Reflect  .   (cloak currently unavailable)
rCorr    .         Harm     .   (gloves currently unavailable)
MR       .....                  (boots currently unavailable)
Stlth    ++........             (no amulet)
HPRegen  0.12/turn              (no ring)
MPRegen  0.11/turn              (no ring)

@: spider-form (expiring)
A: tiny, (change form in water), (swift swim), (stealthy swim)
a: End Transformation


You were on level 3 of the Dungeon.
You were not hungry.
You were a venomous arachnid creature.
You visited 1 branch of the dungeon, and saw 3 of its levels.

You collected 122 gold pieces.

Inventory:

Missiles
 a - 57 arrows
Armour
 b - a +0 robe (melded)
Scrolls
 c - a scroll of amnesia {unknown}
 e - a scroll of fear {unknown}
 f - 3 scrolls of immolation {unknown}
 g - 3 scrolls of teleportation {unknown}
 i - 2 scrolls of identify {unknown}
 j - a scroll of enchant armour {unknown}
 l - 2 scrolls of remove curse {unknown}
 m - 2 scrolls of blinking {unknown}
Potions
 h - a potion of heal wounds {unknown}
 k - 2 potions of degeneration {unknown}
 n - a potion of haste {unknown}
 p - a potion of mutation {unknown}
 q - a potion of curing {unknown}
Comestibles
 d - 6 rations
 o - 5 chunks of flesh


   Skills:
 - Level 1.1 Fighting
 - Level 2.6 Dodging
 - Level 3.2 Unarmed Combat
 - Level 2.0 Spellcasting
 - Level 6.0 Transmutations
 + Level 2.6 Poison Magic


You had 2 spell levels left.
You knew the following spells:

 Your Spells              Type           Power        Failure   Level  Hunger
a - Spider Form           Tmut/Pois      ##........   28%         3    ####...
b - Sticks to Snakes      Tmut           ###.....     11%         2    ###....
c - Beastly Appendage     Tmut           ###...       8%          1    ##.....

Your spell library contained the following spells:

 Spells                   Type           Power        Failure   Level  Hunger
 Blade Hands              Tmut           ###.......   71%         5    ######.
 Ice Form                 Ice/Tmut       #.......     77%         4    #####..


Dungeon Overview and Level Annotations

Branches:
Dungeon (3/15)

Altars:
Wu Jian
Zin

Shops:
D:2 *

Annotations:
D:2 1 runed door
D:3 Grinder


Message History

The orc priest hits you with a short sword.
You hit the orc priest.
The orc priest is poisoned.
The orc priest is lightly wounded.
The orc priest hits you but does no damage.
You hit the orc priest.
The orc priest looks even sicker.
The orc priest is moderately wounded.
The orc priest invokes the aid of Beogh against you.
Beogh smites you!
* * * LOW HITPOINT WARNING * * *
You are too injured to fight recklessly!
You are too injured to fight recklessly!
You are too injured to fight recklessly!
You closely miss the orc priest.
The orc priest is heavily wounded.
The orc priest completely misses you.
You barely miss the orc priest.
The orc priest is heavily wounded.
The orc priest invokes the aid of Beogh against you.
Beogh smites you!
You die...

#l# #.# ####†#
#..).# ###
#.#### ####.#
#.#######.##.#
#.o..o..#...g#
#######.#.##o#
#.o.##s#
######÷# #.#
####.#
########....#
#.....##.####
###.###.##.#
#....#÷....#
######.########


You could see an orc priest and a goblin.

Vanquished Creatures
  Jessica (D:3)
  4 gnolls
  3 adders
  A worm (D:2)
  2 leopard geckos
  3 orcs (D:3)
  A giant cockroach (D:1)
  3 goblins
  4 hobgoblins
  3 jackals (D:1)
  4 kobolds
  A quokka (D:3)
  8 bats
  4 frilled lizards
  3 rats
45 creatures vanquished.

Notes
Turn   | Place    | Note
-------+----------+-------------------------------------------
     0 | D:1      | Oravi the Merfolk Transmuter began the quest for the Orb.
     0 | D:1      | Reached XP level 1. HP: 15/15 MP: 3/3
    16 | D:1      | You fall through a shaft!
   118 | D:1      | Reached skill level 3 in Transmutations
   304 | D:1      | Reached XP level 2. HP: 14/21 MP: 3/5
   369 | D:1      | Reached skill level 4 in Transmutations
   907 | D:2      | Found an ornate altar of the Wu Jian Council.
   964 | D:1      | Reached XP level 3. HP: 18/26 MP: 4/6
   971 | D:1      | Reached skill level 5 in Transmutations
  1189 | D:1      | Learned a level 2 spell: Sticks to Snakes
  1193 | D:1      | Learned a level 3 spell: Spider Form
  1206 | D:2      | Reached skill level 1 in Poison Magic
  1206 | D:2      | Reached XP level 4. HP: 32/32 MP: 1/7
  1352 | D:2      | Found Zin's Purification Station.
  1354 | D:2      | Found a glowing silver altar of Zin.
  1739 | D:2      | Found a runed door.
  1846 | D:3      | Noticed Grinder
  2097 | D:3      | Noticed Jessica
  2101 | D:3      | Killed Jessica
  2101 | D:3      | Reached skill level 6 in Transmutations
  2101 | D:3      | Reached XP level 5. HP: 37/37 MP: 4/8
  2143 | D:3      | Killed from afar by an orc priest

Vault maps used:
D:1:      ncdulo_wetmaze
D:2:      zin_purify, old_standard_altar, uniq_crazy_yiuf_cottage
D:3:      minitemple, uniq_grinder, uniq_jessica, uniq_terence, uniq_sigmund

Skill      XL: |  1  2  3  4 |
---------------+-------------+-----
Transmutations | 3 4 5 6 |  6.0
Poison Magic   | 1 2 |  2.6
Fighting       | |  1.1
Dodging        | |  2.6
Unarmed Combat | |  3.2
Spellcasting   | |  2.0

Action                   |  1- 3 |  4- 6 || total
-------------------------+-------+-------++-------
Melee: Unarmed           |    52 |    72 ||   124
       Headbutt          |     7 |       ||     7
       Punch             |     1 |       ||     1
 Cast: Beastly Appendage |    11 |       ||    11
       Spider Form       |     1 |    12 ||    13
       Sticks to Snakes  |       |     2 ||     2
  Eat: Chunk             |     1 |     5 ||     6
Armor: Robe              |     6 |     1 ||     7
       Skin              |       |     7 ||     7
Dodge: Dodged            |    68 |    56 ||   124

Table legend:
 A = Spawn XP
 B = Non-spawn XP
 C = Spawn XP percentage of total XP
 D = Spawn monster count
 E = Non-spawn monster count
 F = Spawn count percentage of total count
 G = Total turns spent on level
                    A         B        C        D         E        F      G
               +---------+---------+-------+---------+---------+-------+---------
         Total |       0 |     205 |   0.0 |       0 |      45 |   0.0 |  2143
               +---------+---------+-------+---------+---------+-------+---------
           D:1 |       0 |      52 |   0.0 |       0 |      16 |   0.0 |  1109
           D:2 |       0 |      63 |   0.0 |       0 |      13 |   0.0 |   822
           D:3 |       0 |      90 |   0.0 |       0 |      16 |   0.0 |   212
               +---------+---------+-------+---------+---------+-------+---------
